 Dungeon Crawl Stone Soup version 0.23.2-33-g5129a83184 (webtiles) character file.

Game seed: 8290066807782547649

63 StonedInZion the Skirmisher (level 4, -11/40 HPs)
             Began as a Hill Orc Fighter on July 24, 2019.
             Was an Initiate of Elyvilon.
             Engulfed by a cloud of flame (14 damage)
             ... on level 2 of the Dungeon.
             The game lasted 00:33:14 (1694 turns).

StonedInZion the Skirmisher (Hill Orc Fighter)      Turns: 1694, Time: 00:33:14

Health: -11/40     AC: 14    Str: 18    XL:     4   Next: 9%
Magic:  4/4        EV:  3    Int:  8    God:    Elyvilon [......]
Gold:   35         SH:  9    Dex: 11    Spells: 3/3 levels left

rFire    . . .     SeeInvis .   a - +0 war axe
rCold    . . .     Gourm    .   c - +0 shield
rNeg     . . .     Faith    .   i - +0 plate armour
rPois    .         Spirit   .   (no helmet)
rElec    .         Reflect  .   (no cloak)
rCorr    .         Harm     .   g - +0 pair of gloves
MR       .....                  j - +0 pair of boots
Stlth    ..........             (no amulet)
HPRegen  0.13/turn              (no ring)
MPRegen  0.09/turn              (no ring)

@: no status effects
A: no striking features
a: Renounce Religion


You were on level 2 of the Dungeon.
You worshipped Elyvilon.
Elyvilon was noncommittal.
You were not hungry.

You visited 1 branch of the dungeon, and saw 2 of its levels.

You collected 35 gold pieces.

Inventory:

Hand Weapons
 a - a +0 war axe (weapon)
 l - a +0 club
 m - a +0 dagger
Missiles
 e - 13 poisoned needles
 k - 51 stones (quivered)
 n - 11 sling bullets
 q - 15 arrows
 r - a throwing net
Armour
 b - a +0 scale mail
 c - a +0 shield (worn)
 g - a +0 pair of gloves (worn)
 i - a +0 plate armour (worn)
 j - a +0 pair of boots (worn)
Jewellery
 v - an uncursed ring of ice
Scrolls
 p - 2 scrolls of remove curse
Potions
 d - 3 potions of might
 s - a potion of curing {unknown}
 t - a potion of resistance {unknown}
Comestibles
 f - 10 chunks of flesh
 u - a ration


   Skills:
 + Level 4.2 Fighting
 + Level 3.6 Axes
 + Level 3.9 Armour
 + Level 3.8 Shields


You had 3 spell levels left.
You didn't know any spells.
Your spell library was empty.

Dungeon Overview and Level Annotations

Branches:
Dungeon (2/15)

Altars:
Elyvilon

Annotations:
D:1 exclusion: downstairs
D:2 Robin, Sigmund


Message History

You hit the goblin but do no damage.
The goblin no longer looks unusually strong.
Robin completely misses you. The goblin hits you but does no damage.
Robin hits you but does no damage. The goblin hits you but does no damage.
You slash Robin!
Robin is almost dead.
Your shield and plate armour prevent you from hitting the goblin.
Robin hits you but does no damage.
A goblin comes into view. It is wielding a +0 club.
You block the goblin's attack. Robin hits you but does no damage.
The goblin shouts!
You hit Robin but do no damage.
Robin is almost dead.
You hit the goblin.
The goblin explodes!
The fiery explosion engulfs you!!
Ouch! That really hurt!
* * * LOW HITPOINT WARNING * * *
You are engulfed in blazing flames.
You die...

###########
#.g(g(g.(.# ###
#(#######g#
....####(# #g#
.......(.##### #@#
#...........# #§#
#.......###.# #§#
..g......###.###.#
##.g...........g%#
#g......#.....###
.g.......#.###.#
..########.# #.# .
##..###.#


You could see Robin (berserk) and 2 goblins.

Vanquished Creatures
  2 adders (D:2)
  A worm (D:2)
  A giant cockroach (D:1)
  7 goblins
  7 hobgoblins
  3 jackals (D:1)
  2 quokkas (D:2)
  4 bats
  2 frilled lizards
  5 kobolds
  6 rats
40 creatures vanquished.

Notes
Turn   | Place    | Note
-------+----------+-------------------------------------------
     0 | D:1      | StonedInZion the Hill Orc Fighter began the quest for the
                  | Orb.
     0 | D:1      | Reached XP level 1. HP: 19/19 MP: 1/1
   211 | D:1      | Reached XP level 2. HP: 27/27 MP: 2/2
   631 | D:1      | Reached skill level 4 in Fighting
   757 | D:1      | Reached XP level 3. HP: 32/33 MP: 3/3
  1092 | D:2      | Found a white marble altar of Elyvilon.
  1127 | D:2      | Became a worshipper of Elyvilon the Healer
  1186 | D:2      | Noticed Sigmund
  1566 | D:2      | Reached XP level 4. HP: 39/40 MP: 4/4
  1667 | D:2      | Noticed Robin
  1694 | D:2      | Engulfed by a cloud of flame

Skill      XL: |  1  2 |
---------------+-------+-----
Axes           | 3 |  3.6
Fighting       | 4 |  4.2
Armour         | |  3.9
Shields        | |  3.8

Action                   |  1- 3 |  4- 6 || total
-------------------------+-------+-------++-------
Melee: War axe           |   157 |    22 ||   179
Throw: Stone             |    12 |     9 ||    21
  Use: Scroll            |     2 |     2 ||     4
  Eat: Ration            |     1 |       ||     1
Armor: Plate armour      |   110 |    40 ||   150
Dodge: Dodged            |    14 |     7 ||    21
Block: Shield            |    86 |    17 ||   103
